 Dungeon Crawl Stone Soup version 0.30.0-5-g1a98f26d00 (webtiles) character file.

Game seed: 16418097629277404249

147 Eitelfritz the Chiller (level 5, 0/33 (35) HPs)
             Began as a Demonspawn Ice Elementalist on May 12, 2023.
             Slain by a river rat (3 damage)
             ... in a sewer.
             The game lasted 00:10:38 (2686 turns).

Eitelfritz the Chiller (DsIE)                       Turns: 2686, Time: 00:10:39

HP:   0/33 (35)     AC:  2    Str:  9    XL:     5   Next: 7%
MP:   10/10         EV: 17    Int: 18    God:
Gold: 96            SH:  0    Dex: 13    Spells: 2/11 levels left

rFire   . . .        h - +3 dagger
rCold   . . .        (no shield)
rNeg    . . .        a - +0 robe
rPois   .            (no helmet)
rElec   .            (no cloak)
rCorr   .            (no gloves)
SInv    .            (no boots)
Will    .....        k - amulet of regeneration
Stlth   ++           r - ring of wizardry
HPRegen 1.05/turn    q - +5 ring of evasion
MPRegen 0.12/turn

%: wizardry (x1)
@: lethally poisoned (0 -> -1), slowed, drained, very slow
A: ignite blood 1, weakness stinger 1
a: no special abilities


You were in a sewer.
You visited 1 branch of the dungeon, and saw 3 of its levels.
You also visited: Sewer.

You collected 96 gold pieces.

Inventory:

Hand Weapons
 h - a +3 dagger (weapon)
 l - a +0 sling
 v - a +0 morningstar
Missiles
 m - 4 poisoned darts
Armour
 a - a +0 robe (worn)
Jewellery
 k - an amulet of regeneration (around neck)
 p - a +4 ring of slaying
 q - a +5 ring of evasion (right hand)
 r - a ring of wizardry (left hand)
Scrolls
 c - 3 scrolls of teleportation {unknown}
 e - 2 scrolls of amnesia {unknown}
 i - 2 scrolls of poison {unknown}
 j - a scroll of blinking {unknown}
 n - a scroll of enchant weapon {unknown}
 o - a scroll of noise {unknown}
 s - a scroll of identify {unknown}
 w - a scroll of immolation {unknown}
Potions
 b - a potion of magic
 d - 2 potions of curing {unknown}
 f - a potion of brilliance {unknown}
 g - 2 potions of attraction {unknown}
 t - a potion of invisibility {unknown}
 u - a potion of haste {unknown}


   Skills:
 + Level 0.3 Fighting
 + Level 0.3 Short Blades
 + Level 2.1 Dodging
 + Level 2.0 Stealth
 + Level 3.5 Spellcasting
 + Level 4.6 Ice Magic


You had 2 spell levels left.
You knew the following spells:

 Your Spells              Type           Power      Damage    Failure   Level
a - Freeze                Ice            76%        1d8       1%          1
b - Frozen Ramparts       Ice            38%        1d6       2%          3
c - Ozocubu's Armour      Ice            19%        N/A       2%          3
d - Cigotuvi's Dreadful   Necr/Pois/Air  6%         N/A       10%         2

Your spell library contained the following spells:

 Spells                   Type           Power      Damage    Failure   Level
 Apportation              Tloc           6%         N/A       6%          1
 Call Canine Familiar     Summ           3%         N/A       19%         3
 Ignite Poison            Fire/Tmut/Pois 3%         N/A       19%         3
 Portal Projectile        Hex/Tloc       6%         N/A       19%         3
 Summon Ice Beast         Ice/Summ       11%        N/A       24%         4
 Leda's Liquefaction      Hex/Erth       1%         N/A       50%         4
 Freezing Cloud           Conj/Ice/Air   4%         6-21      63%         5
 Alistair's Intoxication  Tmut/Pois      2%         N/A       83%         5


Dungeon Overview and Level Annotations

Branches:
Dungeon (3/15)              Sewer (1/1)

Altars:

Shops:
D:1 [[![


Innate Abilities, Weirdness & Mutations

Your demonic aura sometimes causes spilled blood to erupt in flames.
You have a small tail.


Message History

You are engulfed in dark miasma.
You are poisoned.
You feel yourself slow down.
You feel very sick.
The wall freezes the ball python.
You kill the ball python!
The wall freezes the river rat.
You kill the river rat!
The wall freezes the river rat but does no damage.
The wall freezes the frilled lizard!
You kill the frilled lizard!
You have reached level 5!
Your frozen ramparts will break if you move.
Continue? [Y]es or [N]o only, please.
Your frozen ramparts will break if you move.
Continue?
The river rat attacks as you move away! The river rat misses you.
The frozen ramparts melt away as you move.
You feel very sick. The river rat closely misses you.
Casting: Freeze (safe; 1% risk of failure)
Confirm with . or Enter, or press ? or * to list all spells.
Aiming: Freeze (safe; 1% risk of failure)
Press: ? - help, Shift-Dir - straight line, f - river rat
Aim: a river rat (lightly wounded)
You freeze the river rat.
The river rat is moderately wounded.
You feel sick. The river rat closely misses you. The endoplasm freezes you.
You are frozen.
* * * LOW HITPOINT WARNING * * *
Casting: Freeze (safe; 1% risk of failure)
Confirm with . or Enter, or press ? or * to list all spells.
You don't have enough magic to cast this spell.
Unknown command.
Unknown command.
Magic courses through your body.
You feel sick. The river rat closely misses you. The endoplasm hits you.
* * * LOW HITPOINT WARNING * * *
The river rat bites you.
You die...

# #≈ ##### #≈≈ ####
##...###
#≈≈#########..###......#
#≈≈#..#..#............††
#≈≈#....J#r............†
#≈≈##..@rrr.............
#≈≈#....r#†~..~.~.......
#≈≈#..#..#≈~~~≈≈≈≈~.~~~.
#≈≈#######≈≈≈≈≈≈≈≈≈≈~~~.
#≈ #≈≈≈≈≈≈≈≈≈≈≈~≈r #
#≈≈≈≈≈≈≈≈≈≈≈≈≈≈~
#≈#≈≈≈≈≈≈≈≈≈≈≈≈~≈
≈#≈≈≈≈≈≈≈~≈≈~≈J..
≈≈≈~≈≈~~~...~.


You could see 2 river rats, an endoplasm and 3 rats.

Vanquished Creatures
  4 adders
  5 river rats
  4 worms
  A dart slug (D:3)
  9 ball pythons
  2 bats (D:2)
  5 giant cockroaches
  2 goblins (D:1)
  2 hobgoblins (D:1)
  3 jackals (D:1)
  7 kobolds
  2 quokkas (D:1)
  5 frilled lizards
  11 rats
62 creatures vanquished.

Notes
Turn   | Place    | Note
-------+----------+-------------------------------------------
     0 | D:1      | Eitelfritz the Demonspawn Ice Elementalist began the quest
                  | for the Orb.
     0 | D:1      | Reached XP level 1. HP: 13/13 MP: 3/3
   201 | D:1      | Found Fiogho's Armour Boutique.
   275 | D:1      | Found Syekeife's Distillery.
   393 | D:1      | Gained mutation: Your demonic aura sometimes causes spilled
                  | blood to erupt in flames. [demonic ancestry]
   393 | D:1      | Reached XP level 2. HP: 9/19 MP: 0/5
   454 | D:1      | Reached skill level 4 in Ice Magic
   474 | D:1      | Found Hemiacio's Armour Emporium.
   484 | D:1      | Found Sautz's Antique Armour Emporium.
  1045 | D:2      | Gained mutation: You have a small tail. [demonic ancestry]
  1045 | D:2      | Reached XP level 3. HP: 24/24 MP: 4/6
  1072 | D:2      | Learned a level 3 spell: Frozen Ramparts
  2107 | D:3      | Reached XP level 4. HP: 29/30 MP: 6/8
  2341 | D:3      | Found a glowing drain.
  2346 | Sewer    | Entered a sewer
  2434 | Sewer    | Learned a level 3 spell: Ozocubu's Armour
  2437 | Sewer    | Learned a level 2 spell: Cigotuvi's Dreadful Rot
  2684 | Sewer    | Reached XP level 5. HP: 12/33 MP: 3/10
  2686 | Sewer    | Slain by a river rat

Illustrated notes

Levels and vault maps discovered:
D:1:      tarquinn_simple_flora_water_e, layout_loops_ring, serial_shops, shop,
          nicolae_shop_pleasant_corner_grove, shop,
          nicolae_shop_just_a_little_nook
D:2:      layout_basic, minivault_27
D:3:      layout_basic, chequers_ecumenical_altar_grove,
          lightli_sewer_entry_pipes, chequers_serial_rivers_micro_a
Sewer:    sewer_minmay_treatment

Skill      XL: |  1  2  3  4 |
---------------+-------------+-----
Ice Magic      | 4 |  4.6
Dodging        | 2 |  2.1
Spellcasting   | 3 |  3.5
Stealth        | 2 |  2.0
Fighting       | |  0.3
Short Blades   | |  0.3

Action                     |  1- 3 |  4- 6 || total
---------------------------+-------+-------++-------
  Melee: Dagger            |    19 |    51 ||    70
         Unarmed           |     1 |       ||     1
         Tailslap          |     3 |     5 ||     8
         Punch             |       |     1 ||     1
   Cast: Freeze            |    51 |    29 ||    80
         Frozen Ramparts   |       |     4 ||     4
         Cigotuvi's Dreadf |       |     1 ||     1
    Use: Potion            |       |     1 ||     1
   Stab: Sleeping          |     1 |       ||     1
 Armour: Robe              |     6 |     8 ||    14
  Dodge: Dodged            |    35 |    99 ||   134
